 Dungeon Crawl Stone Soup version 0.25-a0-322-g3677130 (webtiles) character file.

Game seed: 6558284925757903515, levelgen mode: deterministic

381 EonDragon20 the Changer (level 6, -2/43 HPs)
             Began as a Merfolk Transmuter on Dec 27, 2019.
             Killed by divine providence
             ... invoked by an orc priest
              (13 damage)
             ... on level 4 of the Dungeon.
             The game lasted 00:09:31 (4814 turns).

EonDragon20 the Changer (Merfolk Transmuter)        Turns: 4814, Time: 00:09:32

Health: -2/43      AC:  2    Str: 10    XL:     6   Next: 75%
Magic:  9/11       EV: 21    Int: 15    God:
Gold:   235        SH:  0    Dex: 19    Spells: 1/12 levels left

rFire    . . .     SeeInvis .     - Unarmed
rCold    . . .     Gourm    .   (shield currently unavailable)
rNeg     . . .     Faith    .   (armour currently unavailable)
rPois    x         Spirit   .   (helmet currently unavailable)
rElec    .         Reflect  .   (cloak currently unavailable)
rCorr    .         Harm     .   (gloves currently unavailable)
MR       .....                  (boots currently unavailable)
Stlth    ++........             (no amulet)
HPRegen  0.14/turn              (no ring)
MPRegen  0.12/turn              (no ring)

@: spider-form
A: tiny, (change form in water), (swift swim), (stealthy swim)
a: End Transformation


You were on level 4 of the Dungeon.
You were not hungry.
You were a venomous arachnid creature.
You visited 1 branch of the dungeon, and saw 6 of its levels.

You collected 235 gold pieces.

Inventory:

Missiles
 a - 130 arrows
Armour
 b - a +0 robe (melded)
Jewellery
 h - a +2 ring of evasion {unknown}
 i - a +3 ring of evasion {unknown}
 j - a cursed ring of attention {unknown}
 m - an uncursed ring of wizardry {unknown}
Wands
 k - a wand of acid (11)
Scrolls
 e - 5 scrolls of identify
 f - a scroll of enchant armour {unknown}
 g - a scroll of remove curse {unknown}
 n - a scroll of blinking {unknown}
Potions
 c - a potion of cancellation
 l - a potion of curing
Comestibles
 d - 4 rations


   Skills:
 - Level 1.1 Fighting
 - Level 2.6 Dodging
 + Level 4.9 Unarmed Combat
 + Level 3.5 Spellcasting
 * Level 6.7 Transmutations


You had one spell level left.
You knew the following spells:

 Your Spells              Type           Power        Failure   Level  Hunger
a - Beastly Appendage     Tmut           ###...       6%          1    None
b - Sticks to Snakes      Tmut           ###.....     8%          2    ##.....
c - Spider Form           Tmut/Pois      ##........   32%         3    ###....
d - Blade Hands           Tmut           ###.......   54%         5    ######.

Your spell library contained the following spells:

 Spells                   Type           Power        Failure   Level  Hunger
 Ice Form                 Ice/Tmut       ##......     65%         4    ####...


Dungeon Overview and Level Annotations

Branches:
Dungeon (6/15)
 Temple: D:4-7

Altars:
Gozag
Trog

Shops:
D:6 [

Annotations:
D:4 3 runed translucent doors, AlolanVulpixel's ghost, amateur MiBe
D:6 Blork the orc


Message History

You kill the orc priest!
You feel better. The orc priest completely misses you.
You hit the orc priest.
The orc priest is poisoned.
The orc priest is lightly wounded.
The orc priest misses you.
You hit the orc priest but do no damage.
The orc priest looks as sick as possible!
The orc priest is lightly wounded.
The orc priest looks braver for a moment.
The orc priest hits you with a +0 flail.
* * * LOW HITPOINT WARNING * * *
You hit the orc priest but do no damage.
The orc priest looks as sick as possible!
The orc priest is moderately wounded.
You hit the orc priest.
The orc priest looks as sick as possible!
The orc priest is heavily wounded.
The orc priest mumbles some strange prayers to Beogh against you.
Beogh smites you!
You die...

##∩8.##.##.# .#
#∩..$.#....####
..
#8..$.+........
.
#∩.8_.+.....o..
. .?$W+..o.....
## #
.h#........
###..#
##........
.....# #o###
#... #.s.# #...
###.##### #...
#.....## #...
#####..### #...
##...######.#
###......#.#
######.#.#
#.... ##<#.


You could see a hound, an orc priest and AlolanVulpixel's ghost.

Vanquished Creatures
  Sigmund (D:2)
  A hound (D:6)
  An orc priest (D:4)
  A worker ant (D:3)
  8 adders
  An adder skeleton (D:4)
  A worm (D:4)
  A dart slug (D:2)
  A leopard gecko (D:3)
  An orc (D:3)
  9 bats
  3 giant cockroaches
  4 goblins (D:1)
  8 hobgoblins
  5 jackals
  6 kobolds
  2 quokkas
  A ball python (D:2)
  A frilled lizard (D:1)
  10 rats
66 creatures vanquished.

Vanquished Creatures (others)
  An orc (D:3)
  A kobold (D:3)
2 creatures vanquished.

Grand Total: 68 creatures vanquished

Notes
Turn   | Place    | Note
-------+----------+-------------------------------------------
     0 | D:1      | EonDragon20 the Merfolk Transmuter began the quest for the
                  | Orb.
     0 | D:1      | Reached XP level 1. HP: 15/15 MP: 3/3
   116 | D:1      | Reached skill level 3 in Transmutations
   232 | D:1      | Reached XP level 2. HP: 18/21 MP: 3/5
   236 | D:1      | Learned a level 2 spell: Sticks to Snakes
   805 | D:2      | Reached XP level 3. HP: 26/26 MP: 6/6
   815 | D:2      | Learned a level 3 spell: Spider Form
   831 | D:2      | Reached skill level 4 in Transmutations
  1258 | D:2      | Reached XP level 4. HP: 24/32 MP: 0/7
  1622 | D:2      | Noticed Sigmund
  2309 | D:2      | Reached skill level 5 in Transmutations
  2469 | D:3      | Reached XP level 5. HP: 31/37 MP: 5/9
  3408 | D:3      | You fall into a shaft and drop 3 floors!
  3410 | D:6      | Noticed Blork the orc
  3557 | D:6      | Found Keac's Armour Emporium.
  3586 | D:5      | Entered Level 5 of the Dungeon
  4314 | D:2      | Killed Sigmund
  4314 | D:2      | Reached skill level 6 in Transmutations
  4314 | D:2      | Reached XP level 6. HP: 30/43 MP: 7/11
  4631 | D:3      | Learned a level 5 spell: Blade Hands
  4766 | D:4      | Found a bloodstained altar of Trog.
  4801 | D:4      | Found an opulent altar of Gozag.
  4802 | D:4      | Found a runed translucent gate.
  4803 | D:4      | Found a runed translucent gate.
  4803 | D:4      | Found a runed translucent gate.
  4803 | D:4      | Noticed AlolanVulpixel's ghost (amateur MiBe)
  4814 | D:4      | Killed from afar by an orc priest

Levels and vault maps discovered:
D:1:      saegor_arrival_simple_c, layout_loops_cross
D:2:      layout_loops_ring, minmay_misc_feat_nine_boxes, uniq_sigmund
D:3:      layout_basic, hangedman_feature_mirror, chequers_jeans,
          lemuel_old_faithful
D:4:      layout_rooms, ebering_ghost_gozag, trog_wizard
D:5:      layout_cave_pools, first_ration, st_stairs_14, minmay_misc_feat_square
D:6:      layout_loops_cross, serial_shops, nicolae_shop_behind_doors,
          uniq_blork_the_orc

Skill      XL: |  1  2  3  4  5 |
---------------+----------------+-----
Transmutations | 3 4 5 6 |  6.7
Unarmed Combat | 4 |  4.9
Spellcasting   | 3 |  3.5
Fighting       | |  1.1
Dodging        | |  2.6

Action                   |  1- 3 |  4- 6 || total
-------------------------+-------+-------++-------
Melee: Unarmed           |    97 |   133 ||   230
       Headbutt          |     9 |    10 ||    19
       Punch             |       |     3 ||     3
 Cast: Beastly Appendage |    13 |    14 ||    27
       Spider Form       |     2 |    10 ||    12
  Use: Scroll            |     5 |     4 ||     9
       Potion            |       |     1 ||     1
  Eat: Chunk             |     1 |    10 ||    11
       Ration            |       |     1 ||     1
Armor: Robe              |    17 |     6 ||    23
       Skin              |     1 |     2 ||     3
Dodge: Dodged            |    88 |   104 ||   192

Table legend:
 A = Non-vault XP
 B = Vault XP
 C = Vault XP percentage of total XP
 D = Non-vault monster count
 E = Vault monster count
 F = Vault count percentage of total count
                 A         B        C        D         E       F
            +---------+---------+-------+---------+---------+-------
      Total |     322 |     223 |  40.9 |      65 |       1 |   1.5
            +---------+---------+-------+---------+---------+-------
        D:1 |      31 |       0 |   0.0 |      18 |       0 |   0.0
        D:2 |     128 |     223 |  63.5 |      29 |       1 |   3.3
        D:3 |      68 |       0 |   0.0 |      13 |       0 |   0.0
        D:4 |      50 |       0 |   0.0 |       3 |       0 |   0.0
        D:6 |      45 |       0 |   0.0 |       2 |       0 |   0.0
            +---------+---------+-------+---------+---------+-------
